 Dungeon Crawl Stone Soup version 0.19.1-1-g22dce08 (webtiles) character file.

324 JeffiDaFish the Shield-Bearer (level 6, -5/38 HPs)
             Began as a Gargoyle Fighter on Jan 1, 2017.
             Slain by an ogre
             ... wielding a +0 giant spiked club
              (18 damage)
             ... on level 4 of the Dungeon.
             The game lasted 00:05:54 (2141 turns).

JeffiDaFish the Shield-Bearer (Gargoyle Fighter)    Turns: 2141, Time: 00:05:55

Health: -5/38      AC: 12    Str: 19    XL:     6   Next: 48%
Magic:  6/6        EV:  8    Int:  9    God:
Gold:   93         SH: 10    Dex: 15    Spells: 0 memorised, 5 levels left

rFire  . . .     SeeInvis .     a - +1 flail
rCold  . . .     Gourm    .     b - +1 scale mail
rNeg   + . .     Faith    .     c - +0 shield
rPois  ∞         Spirit   .     (no helmet)
rElec  +         Reflect  .     (no cloak)
rCorr  .         Harm     .     (no gloves)
MR     .....                    (no boots)
Stlth  ..........               (no amulet)
                                (no ring)
                                g - +4 ring of dexterity

@: no status effects
A: negative energy resistance 1, electricity resistance, unbreathing,
petrification resistance, rot immunity, AC +4
a: no special abilities


You were on level 4 of the Dungeon.
You were not hungry.

You visited 1 branch of the dungeon, and saw 4 of its levels.

You collected 93 gold pieces.

Inventory:

Hand Weapons
 a - a +1 flail (weapon)
Armour
 b - a +1 scale mail (worn)
 c - a +0 shield (worn)
Jewellery
 g - a +4 ring of dexterity (left hand)
Scrolls
 e - 4 scrolls of identify
 m - a scroll of remove curse
Potions
 d - a potion of cancellation {unknown}
 j - a potion of flight
Comestibles
 f - 2 bread rations
 h - 5 meat rations
 i - 3 chunks of flesh
 k - a slice of pizza
 l - a royal jelly


   Skills:
 + Level 4.1 Fighting
 + Level 4.1 Maces & Flails
 + Level 4.0 Armour
 + Level 1.3 Dodging
 + Level 0.2 Stealth
 + Level 5.0 Shields


You had 5 spell levels left.
You didn't know any spells.

Dungeon Overview and Level Annotations

Branches:
Dungeon (4/15)
 Temple: D:4-7

Altars:
Nemelex Xobeh
Trog
Xom
Yredelemnul

Annotations:
D:4 Natasha


Innate Abilities, Weirdness & Mutations

You are resistant to torment.
Your stone body is resilient. (AC +4)
You are immune to poison.
You resist negative energy. (rN+)
You are resistant to electric shocks. (rElec)
You can survive without breathing.
You are immune to petrification.
You are immune to rotting.


Message History

Natasha howls an incantation.
You feel disoriented.
There is an open door here.
You hit the ogre but do no damage. You block the ogre's attack.
You sock the ogre!
The ogre is moderately wounded.
The ogre hits you but does no damage.
You hit the ogre.
The ogre is heavily wounded.
You block the ogre's attack.
You barely miss the ogre.
The ogre is heavily wounded.
The ogre barely misses you.
You hit the ogre.
The ogre is heavily wounded.
The ogre hits you with a giant spiked club!
You sock the ogre!
The ogre is almost dead.
The ogre hits you with a giant spiked club!!
You die...

...#.........................
......>......................
.............................
...........#.................
...........#.................
#...$...(..#.......##########
...........#..............
#####......#.####'######## #
#......#@# #.# #......#O# #.#
+......'h# #.# #......### #.#
######## #.# #.# #.#


You could see an ogre and Natasha.

Vanquished Creatures
  Sigmund (D:4)
  Natasha (D:4)
  7 adders
  An ooze (D:3)
  2 worms (D:2)
  3 dart slugs
  2 leopard geckos
  An orc (D:4)
  A ball python (D:3)
  2 giant cockroaches
  9 goblins
  11 hobgoblins
  2 jackals (D:1)
  6 kobolds
  2 quokkas (D:4)
  5 bats
  A frilled lizard (D:1)
  7 rats
64 creatures vanquished.

Notes
Turn   | Place    | Note
-------+----------+-------------------------------------------
     0 | D:1      | JeffiDaFish the Gargoyle Fighter began the quest for the Orb.
     0 | D:1      | Reached XP level 1. HP: 14/14 MP: 1/1
    95 | D:1      | Reached XP level 2. HP: 19/19 MP: 2/2
   248 | D:1      | Found a shimmering altar of Xom.
   250 | D:1      | Found a sparkling altar of Nemelex Xobeh.
   250 | D:1      | Found a burning altar of Makhleb.
   252 | D:1      | Found a basalt altar of Yredelemnul.
   252 | D:1      | Found a shimmering altar of Xom.
   252 | D:1      | Found a bloodstained altar of Trog.
   311 | D:1      | Reached skill level 4 in Shields
   311 | D:1      | Reached XP level 3. HP: 23/23 MP: 3/3
   844 | D:2      | Reached XP level 4. HP: 25/28 MP: 4/4
  1560 | D:3      | Reached XP level 5. HP: 33/33 MP: 5/5
  1833 | D:4      | Noticed Sigmund
  1851 | D:4      | Killed Sigmund
  1851 | D:4      | Reached skill level 1 in Dodging
  1851 | D:4      | Reached skill level 5 in Shields
  1851 | D:4      | Reached XP level 6. HP: 32/38 MP: 6/6
  2016 | D:4      | Noticed Natasha
  2025 | D:4      | Killed Natasha
  2124 | D:4      | Noticed Natasha
  2141 | D:4      | Slain by an ogre

Skill      XL: |  1  2  3  4  5 |
---------------+----------------+-----
Shields        | 4 5 |  5.0
Maces & Flails | 3 4 |  4.1
Fighting       | 4 |  4.1
Armour         | 4 |  4.0
Dodging        | 1 |  1.3
Stealth        | |  0.2

Action                   |  1- 3 |  4- 6 || total
-------------------------+-------+-------++-------
Melee: Flail             |   107 |   119 ||   226
  Use: Scroll            |     3 |     6 ||     9
       Potion            |     2 |     5 ||     7
  Eat: Chunk             |       |     4 ||     4
Armor: Scale mail        |    56 |    58 ||   114
Dodge: Dodged            |    35 |    38 ||    73
Block: Shield            |    54 |    73 ||   127
